 Dungeon Crawl Stone Soup version 0.30-a0-368-g86fb4627a9 (webtiles) character file.

Game seed: 11037996331727187459

71782 JOEMAMA2 the Executioner (level 14, -1/142 (144) HPs)
             Began as a Minotaur Berserker on Nov 19, 2022.
             Was a High Priest of Trog.
             Slain by a sixfirhy (10 damage)
             ... summoned by an orc sorcerer
             ... on level 2 of the Orcish Mines.
             The game lasted 01:04:11 (22434 turns).

JOEMAMA2 the Executioner (Minotaur Berserker)      Turns: 22434, Time: 01:04:11

HP:   -1/142 (144)  AC: 24    Str: 33    XL:     14   Next: 99%
MP:   4/4           EV: 16    Int:  4    God:    Trog [*****.]
Gold: 2221          SH:  0    Dex: 10    Spells: 13/13 levels left

rFire   . . .      SeeInvis .    Q - +4 executioner's axe (antimagic)
rCold   . . .      Faith    .    (shield currently unavailable)
rNeg    . . .      Spirit   .    g - +3 plate armour
rPois   .          Reflect  +    u - +1 hat
rElec   .          Harm     .    (no cloak)
rCorr   .          Rampage  .    t - +0 pair of gloves
Will    +....                    F - +0 pair of boots
Stlth   ..........               U - amulet of reflection
HPRegen 0.43/turn                H - +4 ring of evasion
MPRegen 0.09/turn                W - +6 ring of strength

@: confused, on berserk cooldown, slowed, studying Fighting, lightly drained,
very slow
A: horns 2, retaliatory headbutt, iridescent scales 1, subdued magic 1
a: Renounce Religion, Berserk, Trog's Hand, Brothers in Arms


You were on level 2 of the Orcish Mines.
You worshipped Trog.
Trog was extremely pleased with you.
You visited 4 branches of the dungeon, and saw 19 of its levels.
You also visited: Ossuary and Bailey.

You collected 2545 gold pieces.
You spent 324 gold pieces at shops.

Inventory:

Hand Weapons
 l - a +4 battleaxe of flaming
 Q - a +4 antimagic executioner's axe (weapon)
 Z - the +8 scimitar of Jaquram {freeze, rC+ Int+4}
   (You found it on level 3 of the Lair of Beasts)

   It freezes those it strikes, dealing additional cold damage.
   It can also slow down cold-blooded creatures.
   Int:       It affects your intelligence (+4).
   rC:        It protects you from cold.
Armour
 f - a +2 helmet
 g - a +3 plate armour (worn)
 t - a +0 pair of gloves (worn)
 u - a +1 hat (worn)
 F - a +0 pair of boots (worn)
Jewellery
 k - the ring of Qazlal, Transmuting {Drain rPois rN+++ rCorr MP+9}
   (You found it on level 5 of the Lair of Beasts)

   [ring of magical power]

   rPois:     It protects you from poison.
   rN:        It renders you almost immune to negative energy.
   MP:        It affects your magic capacity (+9).
   rCorr:     It protects you from acid and corrosion.
   Drain:     It drains your maximum health when unequipped.
 H - a +4 ring of evasion (left hand)
 U - an amulet of reflection (around neck)
 W - a +6 ring of strength (right hand)
Wands
 b - a wand of digging (5)
Scrolls
 e - 5 scrolls of fear
 h - 15 scrolls of identify
 j - 2 scrolls of fog
 o - 13 scrolls of teleportation
 p - 5 scrolls of amnesia
 q - 4 scrolls of magic mapping
 y - 4 scrolls of summoning
 B - a scroll of blinking
 D - 7 scrolls of immolation
Potions
 a - a potion of invisibility
 c - 6 potions of curing
 d - 6 potions of flight
 i - a potion of magic
 r - 3 potions of resistance
 w - 7 potions of heal wounds
 x - 2 potions of haste
 E - a potion of attraction
 G - a potion of cancellation
Miscellaneous
 Y - a box of beasts


   Skills:
 * Level 18.5 Fighting
 - Level 5.0 Long Blades
 + Level 21.7 Axes
 + Level 12.3 Armour
 * Level 10.9 Dodging
 - Level 0.2 Stealth
 + Level 3.1 Shields


You had 13 spell levels left.
You didn't know any spells.
Your spell library was empty.

Dungeon Overview and Level Annotations

Branches:
Dungeon (11/15)            Temple (0/1) D:7            Lair (5/5) D:11
  Swamp (0/4) Lair:3        Snake (0/4) Lair:2        Slime (1/5) Lair:5
    Orc (2/2) D:9         Ossuary (visited)          Bailey (visited)
    Elf: Orc:2

Altars:
Ashenzari
Dithmenos
Elyvilon
Fedhas
Gozag
Sif Muna
Uskayaw
Xom
Yredelemnul
Jiyva

Shops:
D:7 =(   Orc:1 =

Annotations:
D:10 exclusion: 2 statues
Lair:3 exclusion: oklob plant


Innate Abilities, Weirdness & Mutations

You have a pair of horns on your head.
You reflexively headbutt those who attack you in melee.
You are partially covered in iridescent scales. (AC +2)
Your spells are a little easier to cast, but a little less powerful.


Message History

You slice the orc wizard!!
You kill the orc wizard!
Trog accepts your kill.
Trog appreciates your killing of a magic user.
You closely miss something. Something hits you but does no damage.
The orc sorcerer casts a spell at you. The bolt of negative energy misses you.
You hear some strange, mumbled words.
You are confused.
The orc completely misses you.
You cut something into ribbons!!! Trog accepts your kill.
Trog appreciates your killing of a magic user.
Reactivating autopickup.
You feel a bit more experienced.
You barely miss the orc.
The sixfirhy hits you but does no damage.
The sixfirhy hits you. The sixfirhy shocks you! The sixfirhy hits you!
The sixfirhy shocks you! The sixfirhy barely misses you.
The orc barely misses you. The sixfirhy attacks as you move away!
The sixfirhy hits you but does no damage. x2
The orc hits you with a +0 flail.
The warg howls!
You hear a shout!
The orc jeers loudly.
The orc misses you.
The sixfirhy hits you but does no damage.
The orc closely misses you.
The orc sorcerer gestures at you while chanting.
The bolt of fire misses you. The orc closely misses you.
The sixfirhy attacks as you move away! The sixfirhy hits you!
* * * LOW HITPOINT WARNING * * *
The sixfirhy shocks you!
* * * LOW HITPOINT WARNING * * *
The sixfirhy closely misses you. The sixfirhy completely misses you.
The sixfirhy hits you!
* * * LOW HITPOINT WARNING * * *
The sixfirhy shocks you!
* * * LOW HITPOINT WARNING * * *
The sixfirhy barely misses you. The sixfirhy hits you!
You die...

...............#
...............##.^.....
.....................#...
........................#
.........................
........................#
..##..)..))..............
........)))..............
....)...))).....@.......#
................3oo...#.
...)..........).o........
...))..........).).h.....
.....))..........#.#.....
......)).................
.........................
.........................
.........................


You could see a sixfirhy (summoned), a warg, an orc sorcerer and 2 orcs.

Vanquished Creatures
  Rupert (Lair:3)
  3 acid blobs (Lair:5)
  2 vault guards (Bailey)
  5 hydras
  The ghost of Memioteh the Hand of Shadow, a journeyman DsMo of Dithmenos (Lair:3)
  The ghost of experimilk the Destroyer, a journeyman DrCj of Hepliaklqana (Lair:1)
  6 two-headed ogres
  2 boulder beetles
  The ghost of FizzleBangTC the Thaumaturge, a novice MeEE (D:11)
  2 orc high priests (Orc:2)
  A dancing weapon (Lair:3)
  7 death yaks (Lair:4)
  A fire crab (Lair:4)
  2 orc knights
  2 ugly things (D:11)
  2 orc sorcerers (Orc:2)
  18 elephants
  Maurice (D:10)
  6 black mambas
  Joseph (D:9)
  The ghost of derrydude the Trooper, a novice DsCA of Ignis (D:6)
  11 cane toads
  An unseen horror (D:10)
  3 rime drakes
  4 komodo dragons
  8 trolls
  10 polar bears
  A tyrant leech (Lair:3)
  Prince Ribbit (Bailey)
  Grinder (D:4)
  4 hornets (Lair:5)
  15 blink frogs
  2 slime creatures (Lair:5)
  11 dream sheep
  34 yaks
  2 shadows (D:11)
  16 spriggans
  6 wyverns
  Grum (D:10)
  A basilisk (Lair:1)
  6 humans (Bailey)
  3 vampire mosquitoes (D:10)
  A steam dragon (Lair:1)
  2 swamp worms (Lair:3)
  7 wargs
  4 acid dragons
  16 water moccasins
  15 orc warriors
  A sky beast (D:7)
  A hornet zombie (Ossuary)
  4 black bears
  4 centaurs
  An ogre (Orc:1)
  3 boggarts (Lair:5)
  5 phantoms
  33 wolves
  15 bullfrogs
  3 kobold brigands
  3 scorpions
  A gnoll sergeant (D:6)
  2 water moccasin zombies (Ossuary)
  9 killer bees
  An electric eel (Lair:2)
  A howler monkey (D:9)
  6 bullfrog zombies (Ossuary)
  4 centaur zombies (Ossuary)
  2 hounds
  3 jellies
  4 orc priests
  16 mummies (Ossuary)
  Jessica (D:3)
  5 iguanas
  Ijyb (D:3)
  Natasha (thrice) (D:3)
  32 orc wizards
  13 gnolls
  3 adders
  3 dart slugs
  5 worms
  56 orcs
  3 bats
  5 endoplasms
  4 giant cockroaches
  10 goblins
  8 hobgoblins
  7 jackals (D:1)
  11 kobolds
  6 quokkas
  6 ball pythons
  4 frilled lizards (D:1)
  3 rats (D:1)
563 creatures vanquished.

Vanquished Creatures (others)
  An orc wizard (Orc:2)
  A killer bee simulacrum (D:9)
  2 orcs (Orc:2)
  16 fungi
  25 plants
  8 withered plants (Ossuary)
53 creatures vanquished.

Grand Total: 616 creatures vanquished

Notes
Turn   | Place    | Note
-------+----------+-------------------------------------------
     0 | D:1      | JOEMAMA2 the Minotaur Berserker began the quest for the
                  | Orb.
     0 | D:1      | Reached XP level 1. HP: 19/19 MP: 0/0
   253 | D:1      | Reached XP level 2. HP: 27/27 MP: 1/1
   655 | D:2      | Reached XP level 3. HP: 33/33 MP: 2/2
   877 | D:2      | Reached ** piety under Trog
  1055 | D:2      | Gained mutation: Your spells are a little easier to cast,
                  | but a little less powerful. [potion of mutation]
  1055 | D:2      | Gained mutation: You are partially covered in iridescent
                  | scales. (AC +2) [potion of mutation]
  1511 | D:2      | Reached XP level 4. HP: 25/41 MP: 3/3
  1667 | D:3      | Noticed Natasha
  1675 | D:3      | Killed Natasha
  1699 | D:3      | Noticed Natasha
  1707 | D:3      | Killed Natasha
  1717 | D:3      | Noticed Natasha
  1728 | D:3      | Killed Natasha
  1729 | D:3      | Reached skill level 5 in Long Blades
  1729 | D:3      | Reached XP level 5. HP: 34/47 MP: 4/4
  1855 | D:3      | Noticed Ijyb
  1859 | D:3      | Killed Ijyb
  1860 | D:3      | Reached skill level 1 in Axes
  1963 | D:3      | Found a white marble altar of Elyvilon.
  1996 | D:3      | Found a broken altar of Ashenzari.
  2055 | D:3      | Reached skill level 2 in Axes
  2106 | D:3      | Found a blossoming altar of Fedhas.
  2109 | D:3      | Found an opulent altar of Gozag.
  2110 | D:3      | Noticed Jessica
  2111 | D:3      | Found a shadowy altar of Dithmenos.
  2113 | D:3      | Killed Jessica
  2114 | D:3      | Reached XP level 6. HP: 54/55 MP: 5/5
  2205 | D:3      | Reached skill level 3 in Axes
  4501 | D:4      | Found a sand-covered staircase.
  4526 | Ossuary  | Entered an ossuary
  4541 | Ossuary  | Reached skill level 5 in Fighting
  4542 | Ossuary  | Reached skill level 4 in Axes
  4550 | Ossuary  | Reached XP level 7. HP: 22/61 MP: 6/6
  4553 | Ossuary  | Reached *** piety under Trog
  4559 | Ossuary  | Reached skill level 5 in Axes
  4679 | Ossuary  | Reached skill level 5 in Armour
  4695 | Ossuary  | Reached skill level 6 in Axes
  4727 | Ossuary  | Reached skill level 7 in Axes
  4766 | Ossuary  | Reached XP level 8. HP: 38/70 MP: 7/7
  5585 | D:4      | Reached skill level 8 in Axes
  5724 | D:4      | Found a shimmering blue altar of Sif Muna.
  5727 | D:4      | Reached **** piety under Trog
  5848 | D:4      | Noticed Grinder
  5851 | D:4      | Killed Grinder
  5852 | D:4      | Reached skill level 9 in Axes
  6182 | D:4      | Found a hide-covered altar of Uskayaw.
  6407 | D:5      | Entered Level 5 of the Dungeon
  6672 | D:5      | Reached skill level 10 in Axes
  6834 | D:5      | Reached XP level 9. HP: 78/78 MP: 8/8
  7394 | D:6      | Found a runed translucent door.
  7396 | D:6      | Noticed derrydude's ghost (novice DsCA)
  7619 | D:6      | Reached skill level 11 in Axes
  7622 | D:6      | Killed derrydude's ghost
  7840 | D:7      | Found Nedag's Jewellery Emporium.
  8071 | D:7      | Found a staircase to the Ecumenical Temple.
  8233 | D:7      | Found Zeipposouwa's Antique Weapon Boutique.
  8242 | D:7      | Bought a shimmering broad axe for 324 gold pieces
  8242 | D:7      | Identified the +8 broad axe "Voqiac" {vamp, rF+} (You
                  | bought it in a shop on level 7 of the Dungeon)
  8458 | D:8      | Reached skill level 12 in Axes
  8909 | D:8      | Found a flagged portal.
  8924 | Bailey   | Entered a bailey
  8947 | Bailey   | Reached XP level 10. HP: 86/86 MP: 9/9
  8962 | Bailey   | Reached skill level 13 in Axes
  8962 | Bailey   | Reached skill level 5 in Dodging
  8982 | Bailey   | Noticed a vault guard
  8982 | Bailey   | Noticed Prince Ribbit
  8988 | Bailey   | Killed Prince Ribbit
  8991 | Bailey   | Killed a vault guard
  9023 | Bailey   | Noticed a vault guard
  9039 | Bailey   | Killed a vault guard
  9040 | Bailey   | Reached skill level 14 in Axes
  9825 | D:9      | Found a basalt altar of Yredelemnul.
  9853 | D:9      | Noticed Joseph
  9869 | D:9      | Killed Joseph
  9916 | D:9      | Noticed a skeletal warrior
  9919 | D:9      | Noticed a six-headed hydra
  9919 | D:9      | Noticed a deep elf pyromancer
  9928 | D:9      | Identified the +6 long sword of Weuh {spect, Stlth+}
  9929 | D:9      | Noticed a manticore
  9932 | D:9      | Noticed a cyclops
  9932 | D:9      | Noticed a centaur warrior
  9933 | D:9      | Noticed a fire crab
  9933 | D:9      | Noticed a boulder beetle
 10061 | D:9      | Reached ***** piety under Trog
 10118 | D:9      | Found a staircase to the Orcish Mines.
 10364 | D:9      | Identified the +4 leather armour of Ezezoyp {rN+ Will+
                  | Regen+}
 10473 | D:10     | Entered Level 10 of the Dungeon
 10526 | D:10     | Reached XP level 11. HP: 63/97 MP: 10/10
 10627 | D:10     | Noticed a two-headed ogre
 10634 | D:10     | Killed a two-headed ogre
 10635 | D:10     | Reached skill level 15 in Axes
 10771 | D:10     | Noticed Grum
 10780 | D:10     | Killed Grum
 10826 | D:10     | Noticed Maurice
 10840 | D:10     | Killed Maurice
 11038 | D:10     | Noticed an archer statue
 11042 | D:10     | Noticed an archer statue
 11429 | D:11     | Found a transporter.
 11429 | D:11     | Noticed a two-headed ogre
 11429 | D:11     | Noticed a two-headed ogre
 11429 | D:11     | Noticed FizzleBangTC's ghost (novice MeEE)
 11431 | D:11     | Noticed a two-headed ogre
 11431 | D:11     | Noticed a two-headed ogre
 11436 | D:11     | Found a transporter.
 11471 | D:11     | Noticed a two-headed ogre
 11479 | D:11     | Killed a two-headed ogre
 11578 | D:11     | Reached skill level 10 in Fighting
 11639 | D:11     | Killed a two-headed ogre
 11640 | D:11     | Reached skill level 16 in Axes
 11641 | D:11     | Killed a two-headed ogre
 11644 | D:11     | Killed a two-headed ogre
 11650 | D:11     | Killed FizzleBangTC's ghost
 11651 | D:11     | Killed a two-headed ogre
 11790 | D:11     | Noticed a red ugly thing
 11790 | D:11     | Noticed a cyan ugly thing
 11797 | D:11     | Killed a cyan ugly thing
 11800 | D:11     | Killed a cyan ugly thing
 11801 | D:11     | Reached XP level 12. HP: 108/108 MP: 11/11
 11881 | D:11     | Reached skill level 17 in Axes
 11969 | D:11     | Found a staircase to the Lair.
 12080 | Lair:1   | Entered Level 1 of the Lair of Beasts
 12366 | Lair:1   | Found a runed translucent door.
 12700 | Lair:1   | Noticed experimilk's ghost (journeyman DrCj)
 12701 | Lair:1   | Identified the +12 spear "Behesiam" {drain, *Rage rN+
                  | Stlth+}
 13443 | Lair:1   | Killed experimilk's ghost
 13554 | Lair:2   | Received a gift from Trog
 13821 | Lair:2   | Noticed a seven-headed hydra
 13824 | Lair:2   | Reached skill level 18 in Axes
 13835 | Lair:2   | Killed a 13-headed hydra
 13836 | Lair:2   | Reached skill level 10 in Armour
 14277 | Lair:2   | Found a staircase to the Snake Pit.
 14904 | Lair:3   | Noticed Rupert
 14925 | Lair:3   | Killed Rupert
 15099 | Lair:3   | Noticed an eight-headed hydra
 15100 | Lair:3   | Noticed a seven-headed hydra
 15108 | Lair:3   | Killed a 13-headed hydra
 15109 | Lair:3   | Reached XP level 13. HP: 89/122 MP: 4/12
 15333 | Lair:3   | Found a staircase to the Swamp.
 15428 | Lair:3   | Found a runed translucent door.
 15429 | Lair:3   | Found a shimmering altar of Xom.
 15429 | Lair:3   | Noticed Memioteh's ghost (journeyman DsMo)
 15486 | Lair:3   | Killed Memioteh's ghost
 15949 | Lair:3   | Identified the +8 scimitar of Jaquram {freeze, rC+ Int+4}
 16560 | Lair:4   | Reached skill level 19 in Axes
 16578 | Lair:4   | Identified the +6 scale mail of the Morning {+Blink rC+
                  | rCorr Int-3}
 16626 | Lair:4   | Identified a scroll of acquirement
 16626 | Lair:4   | Acquired 893 gold pieces
 16874 | Lair:4   | Identified the +4 long sword of Ascent {vorpal, +Blink
                  | Dex+2}
 17166 | Lair:4   | Reached skill level 15 in Fighting
 17173 | Lair:4   | Reached skill level 20 in Axes
 17577 | Lair:4   | Reached XP level 14. HP: 122/136 MP: 4/13
 17841 | Lair:5   | Entered Level 5 of the Lair of Beasts
 18125 | Lair:5   | Received a gift from Trog
 18407 | Lair:5   | Reached skill level 21 in Axes
 18407 | Lair:5   | Reached skill level 10 in Dodging
 18476 | Lair:5   | Found a runed translucent door.
 18477 | Lair:5   | Found a viscous altar of Jiyva.
 18479 | Lair:5   | Found a staircase to the Slime Pits.
 18479 | Lair:5   | Noticed an acid blob
 18479 | Lair:5   | Noticed an acid blob
 18540 | Lair:5   | Reached skill level 1 in Shields
 18981 | Lair:5   | Killed an acid blob
 18989 | Lair:5   | Killed an acid blob
 19608 | Lair:5   | Identified the ring of Qazlal, Transmuting {Drain rPois
                  | rN+++ rCorr MP+9}
 20790 | Slime:1  | Entered Level 1 of the Pits of Slime
 20790 | Slime:1  | Noticed an acid blob
 20790 | Slime:1  | Noticed an acid blob
 20802 | Lair:5   | Killed an acid blob
 21543 | Orc:1    | Entered Level 1 of the Orcish Mines
 21716 | Orc:1    | Found Gubaoc's Jewellery Shoppe.
 21883 | Orc:2    | Entered Level 2 of the Orcish Mines
 22020 | Orc:2    | Received a gift from Trog
 22163 | Orc:2    | HP: 5/136 [orc warrior/+0 long sword (9)]
 22434 | Orc:2    | Slain by a sixfirhy

Illustrated notes

Levels and vault maps discovered:
D:1:      dpeg_arrival_boxes_within_box, layout_rooms
D:2:      layout_basic
D:3:      layout_basic, mainiacjoe_overflow_six_doors_small,
          nicolae_ashenzari_skybound, grunt_temple_overflow_open,
          serial_park_tiny_1, uniq_ijyb, uniq_natasha, uniq_jessica
D:4:      layout_basic, mainiacjoe_overflow_concentric_impassable,
          nicolae_uskayaw_suspiria, lightli_ossuary_entry_decrepit_ruins,
          uniq_grinder
D:5:      layout_basic
D:6:      layout_basic, ebering_ghost_sewer_d
D:7:      layout_basic, temple_hall, serial_shops, nicolae_diamond_shop, shop,
          nicolae_shop_hallway_stairs, minmay_misc_feat_room
D:8:      layout_basic, enter_bailey_3
D:9:      layout_basic, kennysheep_little_box, orc_0_dummy, minivault_12,
          uniq_joseph
D:10:     layout_small_grid, minmay_dual_archer_statues, uniq_grum, uniq_maurice
D:11:     layout_irregular_city, lair_entry_dummy, portal_ice_cave_rime,
          gammafunk_ghost_smash
Lair:1:   layout_layer_cave, ebering_ghost_funeral_grove, grunt_megastairs_4,
          lemuel_fruit_fields
Lair:2:   layout_hall_layers, dummy_snake_entry, grunt_megastairs_1,
          infiniplex_staircase_pool
Lair:3:   layout_loops_ring, palyth_hydra_swamp_entry, ebering_ghost_xom,
          infiniplex_staircase_pool_2, serial_bayou_shore_b, uniq_rupert
Lair:4:   beast_lair_carwin_large_4, layout_gridlike, minmay_shattered_shrine,
          grunt_megastairs_2
Lair:5:   minmay_lair_end_enchanted_forest, layout_hall_layers, slime_entry_2
Slime:1:  layout_caves
Orc:1:    layout_caves, serial_shops, shop_statue
Orc:2:    st_orc_town, layout_caves, nicolae_shop_gadgets

Skill      XL: |  1  2  3  4  5  6  7  8  9 10 11 12 13 14 |
---------------+-------------------------------------------+-----
Long Blades    | 4 5 |  5.0
Fighting       | 4 5 6 7 9 10 13 15 18 | 18.5
Armour         | 3 4 5 6 7 8 9 10 11 12 | 12.3
Dodging        | 3 4 6 7 8 9 10 | 10.9
Axes           | 2 4 7 10 12 14 16 18 20 21 | 21.7
Shields        | 3 |  3.1
Stealth        | |  0.2

Action                   |  1- 3 |  4- 6 |  7- 9 | 10-12 | 13-15 || total
-------------------------+-------+-------+-------+-------+-------++-------
Melee: Falchion          |    91 |    28 |       |       |       ||   119
       Headbutt          |    16 |    12 |    46 |    72 |   104 ||   250
       Punch             |     1 |       |       |     7 |       ||     8
       Battleaxe         |       |    67 |   214 |       |       ||   281
       Broad axe         |       |       |    40 |   325 |       ||   365
       Executioner's axe |       |       |       |    12 |   521 ||   533
Invok: Berserk           |       |     3 |     7 |    10 |    14 ||    34
  Use: Potion            |     3 |     3 |    13 |     2 |    11 ||    32
       Scroll            |     1 |     4 |     8 |     5 |     6 ||    24
Armor: Animal skin       |    17 |       |       |       |       ||    17
       Plate armour      |    11 |   128 |   163 |   211 |   281 ||   794
Dodge: Dodged            |    66 |    58 |    95 |   202 |   365 ||   786
Block: Other             |       |       |       |       |   115 ||   115
       Reflection        |       |       |       |       |     1 ||     1

Table legend: (Time is in decaauts)
 A = Elapsed time spent in this place.
 B = Non-inter-level travel time spent in this place.
 C = Inter-level travel time spent in this place.
 D = Time resting spent in this place.
 E = Time spent auto-exploring this place.
 F = Levels seen in this place.
 G = Mean time per level.
                   A        B        C        D        E       F      G
               +--------+--------+--------+--------+--------+-----+--------+
         Total |  22799 |  22239 |    560 |   5635 |  11893 |  21 | 1085.7 |
       Dungeon |  10575 |  10204 |    371 |   1926 |   6091 |  11 |  961.4 |
          Lair |   9411 |   9231 |    180 |   2460 |   5129 |   5 | 1882.2 |
    Slime Pits |      5 |      5 |      0 |      0 |      0 |   1 |    5.0 |
  Orcish Mines |    893 |    885 |      8 |    308 |    288 |   2 |  446.5 |
       Ossuary |   1069 |   1069 |      0 |    310 |    278 |   1 | 1069.0 |
        Bailey |    844 |    844 |      0 |    628 |    105 |   1 |  844.0 |
               +--------+--------+--------+--------+--------+-----+--------+

Top non-repeatable levels by time:
  Lair:5: 3553 daAuts
     D:3: 2872 daAuts
  Lair:3: 1881 daAuts
  Lair:1: 1448 daAuts
  Lair:4: 1322 daAuts
  Lair:2: 1206 daAuts
 Ossuary: 1069 daAuts
     D:4: 1026 daAuts
     D:2: 1020 daAuts
    D:11: 934 daAuts
  Bailey: 844 daAuts
     D:5: 796 daAuts
    D:10: 741 daAuts
     D:6: 699 daAuts
     D:9: 694 daAuts
